 Dungeon Crawl Stone Soup version 0.20-a0-983-g35de22d (webtiles) character file.

108 Rrauwl the Chiller (level 4, 0/30 HPs)
             Began as a Barachi Ice Elementalist on Apr 10, 2017.
             Slain by a black bear (10 damage)
             ... on level 3 of the Dungeon.
             The game lasted 00:11:00 (2890 turns).

Rrauwl the Chiller (Barachi Ice Elementalist)       Turns: 2890, Time: 00:11:01

Health: 0/30       AC:  4    Str: 11    XL:     4   Next: 87%
Magic:  0/7        EV: 12    Int: 15    God:
Gold:   100        SH:  0    Dex: 12    Spells: 6/7 levels left

rFire    . . .     SeeInvis .   j - +1 rapier
rCold    . . .     Gourm    .   (no shield)
rNeg     . . .     Faith    .   a - +0 robe
rPois    .         Spirit   +   i - +0 helmet
rElec    .         Reflect  .   (no cloak)
rCorr    .         Harm     .   (no gloves)
MR       .....                  d - +0 pair of boots
Stlth    +.........             k - amulet of guardian spirit
Regen    0.1/turn               n - ring of loudness (curse)
MPRegen  0.1/turn               (no ring)

@: slow
A: +LOS, swims, slowness 1, strong legs 1
a: Hop


You were on level 3 of the Dungeon.
You were not hungry.

You visited 1 branch of the dungeon, and saw 3 of its levels.

You collected 100 gold pieces.

Inventory:

Hand Weapons
 j - a +1 rapier (weapon)
Missiles
 h - 45 bolts
Armour
 a - a +0 robe (worn)
 d - a +0 pair of boots (worn)
 i - a +0 helmet (worn)
Jewellery
 k - an amulet of guardian spirit (around neck)
 n - a cursed ring of loudness (left hand)
Scrolls
 e - a scroll of teleportation
 m - a scroll of identify
Potions
 g - a potion of mutation
 l - a potion of curing
Books
 b - a book of Frost

   Spells                             Type                      Level
   a - Freeze                         Ice                          1
   b - Throw Frost                    Conjuration/Ice              2
   c - Ozocubu's Armour               Charms/Ice                   3
   d - Throw Icicle                   Conjuration/Ice              4
   e - Summon Ice Beast               Ice/Summoning                4
Comestibles
 c - 2 bread rations
 f - 4 chunks of flesh


   Skills:
 - Level 2.1 Dodging
 - Level 1.7 Stealth
 - Level 2.1 Spellcasting
   Level 1.1 Conjurations
 + Level 6.5 Ice Magic


You had 6 spell levels left.
You knew the following spells:

 Your Spells              Type           Power        Failure   Level  Hunger
a - Freeze                Ice            ###.         1%          1    #......


Dungeon Overview and Level Annotations

Branches:
Dungeon (3/15)

Altars:


Innate Abilities, Weirdness & Mutations

Shadows flee at your approach. (+LOS)
You can swim through water.
You cover ground slowly.
You can hop short distances.


Message History

Confirm with . or Enter, or press ? or * to list all spells.
Aiming: Freeze
Press: ? - help, Shift-Dir - straight line, f/p - black bear
Aim: a black bear (almost dead, berserk, fast, unusually strong)
You freeze the black bear.
The black bear is almost dead.
The black bear bites you! The black bear claws you.
The black bear closely misses you.
Casting: Freeze
Confirm with . or Enter, or press ? or * to list all spells.
You don't have enough magic to cast that spell.
Unknown command.
You aren't carrying any items that you can evoke.
Unknown command.
Okay, then.
You closely miss the black bear.
The black bear is almost dead.
The black bear closely misses you. The black bear barely misses you.
The black bear claws you. The black bear bites you!
You die...

###############
#.............#
#.###########@#
#.# .......h.#
#.# ##########
#.# #.# #.#
###.# #...#
##.##


You could see a black bear (berserk).

Vanquished Creatures
  Jessica (D:2)
  2 adders (D:2)
  2 dart slugs
  3 leopard geckos (D:1)
  A ball python (D:2)
  2 giant cockroaches
  3 goblins
  11 hobgoblins
  5 jackals (D:1)
  10 kobolds
  6 bats
  4 frilled lizards (D:1)
  5 rats
55 creatures vanquished.

Notes
Turn   | Place    | Note
-------+----------+-------------------------------------------
     0 | D:1      | Rrauwl the Barachi Ice Elementalist began the quest for the Orb.
     0 | D:1      | Reached XP level 1. HP: 13/13 MP: 3/3
   525 | D:1      | Reached skill level 4 in Ice Magic
   572 | D:1      | Reached XP level 2. HP: 3/19 MP: 0/5
  1240 | D:1      | Reached skill level 5 in Ice Magic
  1240 | D:1      | Reached XP level 3. HP: 12/24 MP: 1/6
  2249 | D:2      | Reached XP level 4. HP: 27/30 MP: 7/7
  2464 | D:2      | Reached skill level 6 in Ice Magic
  2523 | D:2      | Noticed Jessica
  2533 | D:2      | Killed Jessica
  2884 | D:3      | Noticed a black bear
  2890 | D:3      | Slain by a black bear

Vault maps used:
D:1:      moated_graveyard_arrival
D:2:      minmay_misc_feat_alley, uniq_jessica
D:3:      overflow_temple_1_default

Skill      XL: |  1  2  3  4 |
---------------+-------------+-----
Ice Magic      | 4 5 6 |  6.5
Dodging        | |  2.1
Stealth        | |  1.7
Spellcasting   | |  2.1
Conjurations   | |  1.1

Action                   |  1- 3 |  4- 6 || total
-------------------------+-------+-------++-------
Melee: Unarmed           |    51 |       ||    51
       Rapier            |     7 |    42 ||    49
 Cast: Freeze            |    54 |    15 ||    69
 Abil: Hop               |     1 |       ||     1
  Use: Scroll            |     5 |     2 ||     7
       Potion            |     2 |       ||     2
 Stab: Sleeping          |     1 |       ||     1
  Eat: Chunk             |     4 |     2 ||     6
       Royal jelly       |     1 |       ||     1
Armor: Robe              |    26 |    16 ||    42
Dodge: Dodged            |    55 |    51 ||   106
